Map: Tourmaline LE

Players

Vetrius - Winner!

  • Race: Zerg Zerg
  • League: Master
  • Spawn Location: 7:00

HoldTheDoor

  • Race: Protoss Protoss
  • League: Diamond
  • Spawn Location: 1:00

VOD

Have the link to the VOD?

Description

Time

  • Played on: May 6, 2026, 12:19 p.m.
  • Length: 9:25
Show
View Real Time Build Order
Export as new Build Order

Vetrius Zerg - Winner!

Build Orders: Hatch First 

Get SALT Encoding   

  12  0:00  Drone  
  13  0:13  Drone  
  14  0:21  Overlord  
  14  0:39  Drone x3  
  17  1:00  Hatchery  
  16  1:04  Spawning Pool  
  16  1:08  Drone  
  16  1:11  Drone  
  16  1:15  Drone  
  18  1:36  Hatchery  
  17  1:51  Queen  
  17  1:52  Zergling x4  
  21  1:55  Zergling x2  
  22  2:12  Queen  
  22  2:14  Drone x2  
  26  2:18  Overlord  
  26  2:24  Overlord  
  26  2:35  Queen  
  28  2:39  Drone  
  29  2:45  Drone  
  29  2:57  Drone x4  
  29  2:58  Drone  
  32  3:06  Drone x3  
  32  3:08  Drone  
  32  3:10  Drone  
  37  3:16  Drone x2  
  39  3:26  Roach Warren  
  38  3:28  Evolution Chamber, Drone x2  
  39  3:35  Drone x4  
  39  3:39  Extractor  
  39  3:40  Extractor  
  41  3:44  Drone x4  
  41  3:47  Overlord  
  45  3:52  Drone  
  45  3:53  Drone x2  
  48  4:02  Spore Crawler  
  48  4:03  Drone x3  
  50  4:10  Drone  
  50  4:11  Drone x3  
  54  4:23  Lair  
  54  4:24  Drone x3  
  54  4:25  Drone, Spore Crawler  
  54  4:28  Overlord  
  54  4:29  Extractor  
  54  4:30  Overlord  
  56  4:41  Evolution Chamber x2  
  56  4:43  Spore Crawler  
  56  4:45  Roach x2  
  57  4:49  Metabolic Boost  
  57  4:54  Zergling x20  
  57  4:56  Extractor  
  57  4:59  Spore Crawler  
  65  5:00  Drone x2  
  67  5:08  Zerg Missile Weapons Level 1  
  67  5:12  Spine Crawler  
  66  5:14  Drone x5  
  71  5:23  Zerg Ground Armor Level 1  
  71  5:27  Roach  
  73  5:29  Overlord  
  73  5:47  Spore Crawler  
  72  5:51  Glial Reconstitution  
  72  5:55  Spore Crawler  
  71  5:57  Roach  
  71  5:58  Roach x4, Overlord x3  
  71  6:04  Zerg Melee Weapons Level 1, Overseer  
  81  6:08  Overseer  
  81  6:12  Extractor  
  81  6:15  Spine Crawler, Extractor, Roach x2  
  81  6:16  Overlord x4  
  82  6:27  Roach x5  
  92  6:34  Roach x3  
  92  6:38  Drone x3  
  101  6:40  Drone  
  101  6:41  Ravager  
  101  6:42  Overseer  
  101  6:46  Pneumatized Carapace  
  103  6:51  Overlord  
  103  6:54  Overseer  
  103  6:56  Ravager  
  103  6:57  Ravager  
  103  6:58  Overlord  
  105  7:08  Roach x4  
  105  7:09  Zergling x2  
  105  7:10  Zergling x2  
  115  7:17  Overlord x2  
  115  7:24  Drone x2  
  117  7:36  Drone  
  117  7:37  Drone x2  
  120  7:44  Roach x3  
  126  7:52  Roach x4  
  134  7:58  Overlord  
  134  7:59  Baneling Nest  
  134  8:01  Overlord  
  133  8:06  Ravager x6  
  133  8:11  Zergling x4  
  133  8:12  Zergling x4  
  143  8:25  Infestation Pit  
  142  8:29  Roach x6  
  142  8:30  Zergling x4  
  156  8:44  Baneling x8  
  156  8:45  Baneling  
  156  8:46  Baneling  
  156  8:53  Hatchery  
  155  9:00  Spine Crawler  
  155  9:02  Spine Crawler  
Show
View Real Time Build Order
Export as new Build Order

HoldTheDoor Protoss 

Build Orders: 1 Gate Expand, Zealot Archon, Archon Drop, Dark Templar Rush 

Get SALT Encoding   

  12  0:00  Probe  
  13  0:12  Probe  
  14  0:19  Pylon  
  14  0:24  Probe  
  15  0:33  Probe  
  15  0:39  Gateway  
  15  0:41  Probe  
  16  0:49  Assimilator  
  17  0:51  Probe  
  18  1:03  Probe  
  19  1:22  Nexus  
  19  1:31  Cybernetics Core  
  19  1:35  Probe  
  20  1:40  Assimilator  
  20  1:45  Pylon  
  20  1:49  Probe  
  21  2:01  Probe  
  22  2:05  Stalker  
  24  2:09  Warp Gate  
  24  2:13  Probe  
  25  2:21  Pylon  
  25  2:25  Probe  
  26  2:35  Probe  
  27  2:37  Probe, Gateway  
  27  2:40  Adept  
  28  3:06  Gateway, Shield Battery  
  28  3:11  Probe  
  29  3:14  Twilight Council  
  29  3:15  Probe  
  30  3:23  Probe  
  30  3:27  Probe  
  32  3:28  Robotics Facility  
  32  3:35  Probe  
  32  3:39  Probe  
  34  3:47  Probe  
  35  3:48  Assimilator  
  35  3:52  Dark Shrine  
  35  3:55  Pylon  
  35  3:58  Probe, Pylon  
  35  4:00  Probe  
  37  4:10  Probe, Warp Prism  
  37  4:12  Probe  
  41  4:22  Probe  
  42  4:27  Gateway  
  42  4:32  Gateway, Probe  
  42  4:34  Probe  
  44  4:40  Pylon  
  44  4:44  Probe, Pylon  
  45  4:59  Probe x2  
  47  5:08  Dark Templar x2  
  51  5:23  Dark Templar  
  51  5:26  Dark Templar  
  49  5:43  Zealot  
  49  5:45  Zealot  
  53  5:52  Nexus  
  53  5:53  Pylon  
  54  5:57  Probe  
  54  6:00  Pylon  
  54  6:05  Dark Templar x4  
  54  6:10  Archon  
  62  6:18  Archon  
  62  6:22  Charge  
  62  6:38  Shield Battery, Probe  
  62  6:39  Immortal  
  67  6:48  Pylon  
  67  6:50  Gateway  
  67  6:51  Probe  
  67  6:52  Probe, Gateway  
  69  6:56  Gateway  
  69  6:57  Forge  
  69  6:58  Gateway  
  69  7:00  Pylon  
  69  7:03  Probe  
  69  7:04  Probe x2  
  69  7:05  Pylon  
  69  7:07  Shield Battery  
  72  7:09  Dark Templar x3  
  72  7:13  Dark Templar  
  72  7:15  Archon, Probe  
  81  7:17  Archon  
  81  7:18  Probe  
  81  7:19  Probe  
  83  7:25  Immortal  
  83  7:27  Probe  
  88  7:31  Probe  
  89  7:37  Probe  
  89  7:40  Probe  
  89  7:42  Zealot x2  
  95  7:44  Zealot  
  95  7:46  Zealot x2  
  95  7:49  Zealot  
  103  7:52  Zealot  
  103  7:54  Zealot  
  107  8:04  Immortal  
  111  8:07  Probe x2  
  111  8:08  Zealot x3  
  119  8:21  Pylon, Photon Cannon  
  119  8:23  Photon Cannon  
  119  8:25  Pylon  
  119  8:27  Photon Cannon  
  119  8:33  Dark Templar x2  
  123  8:34  Zealot  
  123  8:37  Archon  
  123  8:38  Zealot x2  
  129  8:48  Photon Cannon  
  129  8:51  Photon Cannon  
  129  8:54  Photon Cannon  
  129  9:01  Zealot x5  
  99  9:17  Zealot x3  
Tags
 
Add a new tag
Caveats
  • Supply blocks, unpowered buildings, or Contaminate may cause inaccurate times.
  • Supply counts are checked every 10 seconds.